 Dungeon Crawl Stone Soup version 0.22-a0-271-gc000056 (webtiles) character file.

4887 frenchfryfork the Cleaver (level 10, -1/138 HPs)
             Began as a Deep Dwarf Berserker on Mar 1, 2018.
             Was an Elder of Trog.
             Slain by a 14-headed hydra (7 damage)
             ... on level 1 of the Lair of Beasts on Mar 12, 2018.
             The game lasted 00:32:15 (5869 turns).

frenchfryfork the Cleaver (Deep Dwarf Berserker)    Turns: 5869, Time: 00:32:16

Health: -1/138     AC: 16    Str: 31    XL:     10   Next: 26%
Magic:  12/12      EV: 10    Int:  8    God:    Trog [****..]
Gold:   440        SH:  5    Dex: 12    Spells: 9/9 levels left

rFire    . . .     SeeInvis .   D - +3 war axe
rCold    . . .     Gourm    .   j - +0 buckler
rNeg     . . .     Faith    .   l - +1 chain mail
rPois    .         Spirit   .   G - +1 helmet
rElec    .         Reflect  .   q - +0 cloak
rCorr    .         Harm     .   g - +0 pair of gloves
MR       +....                  y - +0 pair of boots
Stlth    ..........             k - amulet of magic regeneration
HPRegen  0.00/turn              e - ring of magical power
MPRegen  0.38/turn              F - +3 ring of protection

@: berserking (expiring), non-regenerating, very quick
A: damage resistance, heal wounds, deformed body, sense surroundings 2, strong
1, no regeneration
a: Heal Wounds, Berserk, Trog's Hand, Brothers in Arms, Renounce Religion


You were on level 1 of the Lair of Beasts.
You worshipped Trog.
Trog was greatly pleased with you.
You were not hungry.

You visited 3 branches of the dungeon, and saw 10 of its levels.

You collected 440 gold pieces.

Inventory:

Hand Weapons
 p - a +3 quarterstaff of chaos
 x - a +4 short sword of protection
 C - the +4 trident of Darkness {pierce, MP+9 Int+3, unknown}
   (You found it on level 7 of the Dungeon)

   It inflicts extra damage upon your enemies.
   It affects your intelligence (+3).
   It affects your magic capacity (+9).
 D - a +3 war axe (weapon)
Armour
 g - a +0 pair of gloves (worn)
 j - a +0 buckler (worn)
 l - a +1 chain mail (worn)
 q - a +0 cloak (worn)
 v - a +2 robe of magic resistance
 y - a +0 pair of boots (worn)
 G - a +1 helmet (worn)
Jewellery
 e - a ring of magical power (left hand)
 k - an amulet of magic regeneration (around neck)
 t - an uncursed ring of ice
 u - an uncursed ring of protection from cold
 F - a +3 ring of protection (right hand)
Wands
 n - a wand of random effects (21)
 o - a wand of acid (10)
 s - a wand of iceblast (13)
 w - a wand of flame (52)
 A - a wand of enslavement (19)
Scrolls
 a - a scroll of identify
 b - 3 scrolls of magic mapping
 m - a scroll of fear
 r - a scroll of immolation
 B - a scroll of teleportation
 E - a scroll of remove curse
 H - a scroll of random uselessness {unknown}
Potions
 d - 2 potions of haste
 f - 3 potions of heal wounds
 h - a potion of curing
 i - a potion of flight
 z - a potion of ambrosia
Comestibles
 c - 15 rations


   Skills:
 * Level 6.6 Fighting
 * Level 12.5 Axes
 * Level 6.6 Armour
 - Level 2.5 Dodging
 * Level 5.2 Shields


You had 9 spell levels left.
You didn't know any spells.

Dungeon Overview and Level Annotations

Branches:
Dungeon (8/15)             Temple (1/1) D:6            Lair (1/6) D:8

Altars:
Ashenzari
Cheibriados
Dithmenos
Elyvilon
Fedhas
Gozag
Hepliaklqana
Kikubaaqudgha
Makhleb
Nemelex Xobeh
Okawaru
Qazlal
Ru
Sif Muna
Trog
Uskayaw
Vehumet
Wu Jian
Xom
Yredelemnul
Zin
The Shining One

Shops:
D:7 =   D:8 (


Innate Abilities, Weirdness & Mutations

You are resistant to damage.
You can heal yourself by infusing magical energy.
You passively map the area around you.
You do not regenerate.
Armour fits poorly on your strangely shaped body.
Your muscles are strong. (Str +2)


Message History

* * * LOW HITPOINT WARNING * * *
The 14-headed hydra bites you!
* * * LOW HITPOINT WARNING * * *
The 14-headed hydra bites you but does no damage.
The 14-headed hydra barely misses you. The 14-headed hydra bites you.
* * * LOW HITPOINT WARNING * * *
The 14-headed hydra bites you!
* * * LOW HITPOINT WARNING * * *
The 14-headed hydra bites you. The 14-headed hydra barely misses you.
The 14-headed hydra bites you but does no damage.
The 14-headed hydra bites you.
* * * LOW HITPOINT WARNING * * *
The 14-headed hydra bites you but does no damage.
You are too berserk!
You eat one of the 16 rations.
That ration really hit the spot!
You are too berserk!
You barely miss the 14-headed hydra.
The 14-headed hydra is severely wounded.
The 14-headed hydra bites you!
You die...

#....#
##....#
#.....#
##....#
#.....#
##....#
##....#
#.....#
##@...#
#D...#
#....#
#.....#
#....##
P...?#
#.....
#....##
* *, *
*


You could see a 14-headed hydra.

Vanquished Creatures
  An ogre mage (D:8)
  A yaktaur captain (D:8)
  An ugly thing (D:8)
  2 hippogriffs
  A wyvern (Lair:1)
  2 water moccasins (Lair:1)
  A porcupine (Lair:1)
  Duvessa (D:4)
  An ice beast (D:6)
  A black bear (D:6)
  4 ogres
  2 centaurs
  3 bullfrogs
  A wyvern zombie (D:8)
  Dowan (D:4)
  4 scorpions
  A howler monkey (D:7)
  A crimson imp (D:5)
  A bullfrog zombie (D:8)
  A quasit (D:6)
  A hound (D:4)
  3 jellies
  4 orc priests
  A bullfrog skeleton (D:4)
  An orc wizard (D:7)
  Crazy Yiuf (D:5)
  An iguana (D:4)
  Natasha (thrice) (D:2)
  2 worker ants (D:4)
  Ijyb (D:3)
  A howler monkey zombie (D:5)
  2 worker ant zombies
  7 adders
  A shadow imp (D:7)
  An ooze (D:1)
  2 worms
  4 leopard geckos
  21 orcs
  A ball python (D:2)
  4 bats
  4 giant cockroaches
  10 goblins
  17 hobgoblins
  8 jackals
  11 kobolds
  3 quokkas
  6 frilled lizards
  A giant cockroach zombie (D:5)
  6 rats
  A bush (D:5)
  4 fungi (D:5)
164 creatures vanquished.

Notes
Turn   | Place    | Note
-------+----------+-------------------------------------------
     0 | D:1      | frenchfryfork the Deep Dwarf Berserker began the quest for the Orb.
     0 | D:1      | Reached XP level 1. HP: 20/20 MP: 1/1
    94 | D:1      | Reached XP level 2. HP: 21/27 MP: 2/2
   156 | D:1      | Upgraded the game from 0.22-a0-252-gcace5d2 to 0.22-a0-259-gdd11e71
  1066 | D:1      | Reached XP level 3. HP: 25/34 MP: 3/3
  1172 | D:2      | Reached skill level 4 in Axes
  1266 | D:2      | Noticed Natasha
  1275 | D:2      | Reached ** piety under Trog
  1282 | D:2      | Killed Natasha
  1282 | D:2      | Reached XP level 4. HP: 27/42 MP: 3/3
  1351 | D:2      | Found an ancient bone altar of Kikubaaqudgha.
  1382 | D:2      | Found a glowing silver altar of Zin.
  1649 | D:2      | Noticed Natasha
  1661 | D:2      | Killed Natasha
  1661 | D:2      | Reached skill level 5 in Axes
  1661 | D:2      | Reached skill level 1 in Shields
  1686 | D:2      | Reached XP level 5. HP: 49/49 MP: 3/3
  1689 | D:2      | Noticed Natasha
  1698 | D:2      | Killed Natasha
  1955 | D:3      | Noticed Ijyb
  1960 | D:3      | Killed Ijyb
  2092 | D:3      | Found an iron altar of Okawaru.
  2106 | D:3      | Reached *** piety under Trog
  2187 | D:3      | Found a faded altar of an unknown god.
  2366 | D:4      | Noticed Dowan
  2367 | D:4      | Noticed Duvessa
  2380 | D:4      | Killed Duvessa
  2380 | D:4      | Reached XP level 6. HP: 51/57 MP: 4/4
  2420 | D:4      | Killed Dowan
  2420 | D:4      | Reached skill level 6 in Axes
  2547 | D:4      | Reached XP level 7. HP: 39/63 MP: 4/4
  2558 | D:4      | Upgraded the game from 0.22-a0-259-gdd11e71 to 0.22-a0-271-gc000056
  2574 | D:4      | Reached skill level 7 in Axes
  3104 | D:5      | Entered Level 5 of the Dungeon
  3176 | D:5      | Reached skill level 8 in Axes
  3235 | D:5      | Reached **** piety under Trog
  3235 | D:5      | Reached XP level 8. HP: 52/73 MP: 5/5
  3656 | D:5      | Found a runed door.
  3660 | D:5      | Noticed Crazy Yiuf
  3669 | D:5      | Killed Crazy Yiuf
  3782 | D:6      | Found a staircase to the Ecumenical Temple.
  3798 | Temple   | Entered the Ecumenical Temple
  3992 | D:6      | Reached skill level 9 in Axes
  4169 | D:6      | Reached skill level 5 in Fighting
  4407 | D:6      | Found a shattered altar of Ashenzari.
  4408 | D:6      | Found a burning altar of Makhleb.
  4555 | D:7      | Got a faintly glowing trident
  4564 | D:7      | Noticed a hippogriff
  4574 | D:7      | Killed a hippogriff
  4574 | D:7      | Reached skill level 10 in Axes
  4574 | D:7      | Reached skill level 5 in Armour
  4679 | D:7      | Found Vetsuh's Jewellery Boutique.
  4789 | D:7      | Gained mutation: You passively map the area around you. [Deep Dwarf growth]
  4789 | D:7      | Reached XP level 9. HP: 53/81 MP: 6/6
  5127 | D:8      | Found Joopexui's Weapon Boutique.
  5184 | D:8      | Noticed a yaktaur captain
  5197 | D:8      | Noticed an ogre mage
  5197 | D:8      | Killed a yaktaur captain
  5197 | D:8      | Reached skill level 11 in Axes
  5204 | D:8      | Killed an ogre mage
  5205 | D:8      | Found a sacrificial altar of Ru.
  5253 | D:8      | Found an opulent altar of Gozag.
  5258 | D:8      | Noticed a white ugly thing
  5301 | D:8      | Killed a white ugly thing
  5301 | D:8      | Reached skill level 12 in Axes
  5301 | D:8      | Reached skill level 5 in Shields
  5301 | D:8      | Reached XP level 10. HP: 74/92 MP: 4/4
  5414 | D:8      | Found a staircase to the Lair.
  5459 | D:8      | Gained mutation: You have supernaturally acute eyesight. (SInv) [potion of mutation]
  5459 | D:8      | Gained mutation: Armour fits poorly on your strangely shaped body. [potion of mutation]
  5459 | D:8      | Lost mutation: You have supernaturally acute eyesight. (SInv) [potion of mutation]
  5459 | D:8      | Gained mutation: Your muscles are strong. (Str +2) [potion of mutation]
  5698 | Lair:1   | Entered Level 1 of the Lair of Beasts
  5847 | Lair:1   | Noticed a four-headed hydra
  5867 | Lair:1   | HP: 6/138 [14-headed hydra (3)]
  5869 | Lair:1   | Slain by a 14-headed hydra

Vault maps used:
D:1:      dpeg_arrival_morbid_curiosity
D:2:      nicolae_overflow_crystal_walls, old_standard_altar, st_stairs_11,
          hex_medium, minmay_misc_feat_tiny, minivault_24, uniq_natasha
D:3:      chequers_ecumenical_altar_twisty, supply_closet_lemuel,
          okawaru_metal_pillars_1_2, uniq_ijyb
D:4:      first_ration, kennysheep_generic_room_10, uniq_duvessa
D:5:      minmay_stone_trees_small, uniq_crazy_yiuf_cottage
D:6:      chequers_temple_overflow_statue_of_worship,
          minmay_temple_entry_statues_pillars
D:7:      serial_glass, glass_columns_c, glass_columns_c, serial_shops,
          nicolae_shop_waterfront, grunt_ogre_cave
D:8:      lair_entry_dummy, serial_shops, shop, jmf_multi_god_temple
Temple:   nicolae_temple_no_exploring_needed
Lair:1:   tgw_fedhas, grunt_megastairs_3

Skill      XL: |  1  2  3  4  5  6  7  8  9 |
---------------+----------------------------+-----
Fighting       | 3 4 5 6 |  6.6
Axes           | 4 5 6 8 10 12 | 12.5
Shields        | 1 2 3 5 |  5.2
Armour         | 3 4 5 6 |  6.6
Dodging        | |  2.5

Action                   |  1- 3 |  4- 6 |  7- 9 | 10-12 || total
-------------------------+-------+-------+-------+-------++-------
Melee: Hand axe          |   105 |   102 |       |       ||   207
       War axe           |       |    97 |   286 |    52 ||   435
Invok: Berserk           |       |     1 |     3 |     1 ||     5
 Abil: Heal Wounds       |     1 |     5 |    11 |     6 ||    23
Evoke: Wand              |       |       |     1 |       ||     1
  Use: Scroll            |     2 |     7 |     7 |     2 ||    18
       Potion            |       |     5 |     2 |     1 ||     8
  Eat: Ration            |     1 |     1 |     4 |     1 ||     7
Armor: Animal skin       |     2 |       |       |       ||     2
       Ring mail         |    32 |    10 |       |       ||    42
       Chain mail        |       |   101 |   133 |    56 ||   290
Dodge: Dodged            |    84 |    85 |    82 |    36 ||   287
Block: Buckler           |     1 |    30 |    43 |    18 ||    92

Table legend:
 A = Spawn XP
 B = Non-spawn XP
 C = Spawn XP percentage of total XP
 D = Spawn monster count
 E = Non-spawn monster count
 F = Spawn count percentage of total count
 G = Total turns spent on level
                    A         B        C        D         E        F      G
               +---------+---------+-------+---------+---------+-------+---------
         Total |       0 |    6982 |   0.0 |       0 |     159 |   0.0 |  5869
               +---------+---------+-------+---------+---------+-------+---------
           D:1 |       0 |      42 |   0.0 |       0 |      22 |   0.0 |  1150
           D:2 |       0 |     196 |   0.0 |       0 |      35 |   0.0 |   672
           D:3 |       0 |      82 |   0.0 |       0 |      22 |   0.0 |   528
           D:4 |       0 |     747 |   0.0 |       0 |      22 |   0.0 |   754
           D:5 |       0 |     497 |   0.0 |       0 |      15 |   0.0 |   678
           D:6 |       0 |     767 |   0.0 |       0 |      10 |   0.0 |   731
           D:7 |       0 |     651 |   0.0 |       0 |      17 |   0.0 |   604
           D:8 |       0 |    2983 |   0.0 |       0 |      10 |   0.0 |   577
        Lair:1 |       0 |    1017 |   0.0 |       0 |       6 |   0.0 |   171
               +---------+---------+-------+---------+---------+-------+---------
